 Dungeon Crawl Stone Soup version 0.29-a0-214-g17f627cfee (webtiles) character file.

Game seed: 1168814775338606828

105 testman the Skirmisher (level 4, -1/35 HPs)
             Began as a Demonspawn Artificer on Feb 24, 2022.
             Slain by a goblin
             ... wielding a +0 club
             ... led by Robin
              (2 damage)
             ... on level 2 of the Dungeon.
             The game lasted 00:07:15 (1942 turns).

testman the Skirmisher (Demonspawn Artificer)       Turns: 1942, Time: 00:07:16

Health: -1/35      AC: 19    Str: 14    XL:     4   Next: 53%
Magic:  4/4        EV:  6    Int: 12    God:
Gold:   71         SH:  0    Dex: 14    Spells: 3/3 levels left

rFire   . . .      SeeInvis .   h - +0 trident
rCold   . . .      Faith    .   (no shield)
rNeg    . . .      Spirit   .   o - +0 chain mail
rPois   .          Reflect  .   (no helmet)
rElec   .          Harm     .   (no cloak)
rCorr   .          Rampage  .   u - +2 pair of gloves
Will    .....                   n - +1 pair of boots
Stlth   ..........              (no amulet)
HPRegen 0.11/turn               (no ring)
MPRegen 0.09/turn               (no ring)

@: lethally poisoned (-1 -> -5), sanguine armoured
A: sanguine armour 1, weakness stinger 2
a: no special abilities


You were on level 2 of the Dungeon.
You visited 1 branch of the dungeon, and saw 2 of its levels.

You collected 71 gold pieces.

Inventory:

Hand Weapons
 h - a +0 trident (weapon)
Missiles
 f - 3 poisoned darts
Armour
 b - a +0 leather armour
 n - a +1 pair of boots (worn)
 o - a +0 chain mail (worn)
 u - a +2 pair of gloves (worn)
Jewellery
 q - a ring of magical power
 r - a ring of ice
Wands
 c - a wand of flame (13) (quivered)
 d - a wand of charming (15)
Scrolls
 j - a scroll of vulnerability {unknown}
 l - a scroll of brand weapon {unknown}
 m - a scroll of enchant weapon {unknown}
 p - a scroll of fear {unknown}
 s - a scroll of immolation {unknown}
Potions
 a - 2 potions of attraction {unknown}
 i - 3 potions of curing {unknown}
 k - a potion of flight {unknown}
 t - a potion of degeneration {unknown}
Miscellaneous
 e - a piece from Xom's chessboard (15/15)


   Skills:
 + Level 3.2 Fighting
 + Level 2.3 Polearms
 - Level 2.0 Armour
 - Level 0.8 Dodging
 - Level 0.8 Stealth
 - Level 3.0 Evocations


You had 3 spell levels left.
You didn't know any spells.
Your spell library was empty.

Dungeon Overview and Level Annotations

Branches:
Dungeon (2/15)

Altars:

Annotations:
D:2 Robin


Innate Abilities, Weirdness & Mutations

When seriously injured, your blood forms armour. (AC +6)
You have a tail ending in a sharp stinger.


Message History

You feel very sick. The hobgoblin barely misses you.
The hobgoblin hits you but does no damage.
You hit the hobgoblin.
You kill the hobgoblin!
You feel very sick.
The goblin hits you with a +2 dagger of venom.
You are more poisoned.
You puncture the goblin!
You kill the goblin!
You feel very sick. Robin throws the goblin at you!
The goblin hits you but does no damage. x2
You hit the goblin.
The goblin is heavily wounded.
You feel very sick. The goblin hits you but does no damage.
The goblin barely misses you.
You barely miss the goblin.
The goblin is heavily wounded.
* * * LOW HITPOINT WARNING * * *
You feel sick.
The goblin hits you but does no damage. x2
You hit the goblin.
You kill the goblin!
* * * LOW HITPOINT WARNING * * *
You feel sick. Robin throws the goblin at you!
* * * LOW HITPOINT WARNING * * *
The goblin hits you with a +0 club.
* * * LOW HITPOINT WARNING * * *
The goblin hits you but does no damage.
Sorry, you're not good enough to have a special ability.
Okay, then.
As you read the scroll labelled LEUNUV OKUAFEDGH, it crumbles to dust.
It is a scroll of enchant armour.
Your +0 pair of boots glows green for a moment.
* * * LOW HITPOINT WARNING * * *
You feel sick.
The goblin no longer looks unusually strong.
Robin roars a battlecry!
The goblin goes into a battle-frenzy!
The goblin hits you with a +0 club.
You die...

#. #.# # ## #####.# #
..# #...).# ##### #.#
#.#########.... ...
#.............. ). #.#
#.#########.### ...# #.#
#.# #.# .....##.#####.#
#.# ....ggggBg@g..# #.#
....##gg####.#########.#
. #..##...........#.#
#....#..#######.#.#
#.#.###.###.###.#.#
#..## ##...#.##.#.###
###.###.###.###.#>...
##.#.## #.###.#..##
##.## #.......^#


You could see Robin, a giant cockroach, 3 hobgoblins and 4 goblins.

Vanquished Creatures
  Natasha (D:2)
  A gnoll (D:1)
  An adder (D:2)
  3 dart slugs
  6 ball pythons
  2 endoplasms
  A giant cockroach (D:2)
  8 goblins
  7 hobgoblins
  6 jackals
  2 quokkas
  A bat (D:2)
  3 frilled lizards (D:1)
  5 kobolds
  2 rats (D:1)
49 creatures vanquished.

Notes
Turn   | Place    | Note
-------+----------+-------------------------------------------
     0 | D:1      | testman the Demonspawn Artificer began the quest for the
                  | Orb.
     0 | D:1      | Reached XP level 1. HP: 15/15 MP: 1/1
   292 | D:1      | Gained mutation: You have a small tail. [demonic ancestry]
   292 | D:1      | Reached XP level 2. HP: 22/22 MP: 2/2
   533 | D:1      | Gained mutation: When seriously injured, your blood forms
                  | armour. (AC +6) [demonic ancestry]
   533 | D:1      | Reached XP level 3. HP: 20/29 MP: 3/3
   862 | D:1      | Reached skill level 1 in Polearms
  1570 | D:2      | Gained mutation: You have a tail ending in a sharp stinger.
                  | [demonic ancestry]
  1570 | D:2      | Reached XP level 4. HP: 30/35 MP: 4/4
  1773 | D:2      | Noticed Natasha
  1789 | D:2      | Killed Natasha
  1930 | D:2      | Noticed Robin
  1942 | D:2      | HP: 1/35 [poisoned by a goblin]
  1942 | D:2      | Slain by a goblin

Illustrated notes

Levels and vault maps discovered:
D:1:      scummos_arrival_checkerplants, layout_basic
D:2:      layout_loops_ring, uniq_natasha, uniq_robin

Skill      XL: |  1  2  3  4 |
---------------+-------------+-----
Fighting       | 2 3 |  3.2
Polearms       | 1 2 |  2.3
Armour         | 2 |  2.0
Dodging        | |  0.8
Stealth        | |  0.8
Evocations     | |  3.0

Action                   |  1- 3 |  4- 6 || total
-------------------------+-------+-------++-------
Melee: Club              |    16 |       ||    16
       Trident           |    98 |    31 ||   129
       Tailslap          |     4 |     4 ||     8
Evoke: Wand              |     2 |       ||     2
  Use: Scroll            |       |     1 ||     1
 Stab: Sleeping          |     3 |       ||     3
Armor: Leather armour    |    22 |       ||    22
       Chain mail        |    17 |    20 ||    37
Dodge: Dodged            |    54 |     9 ||    63

Table legend: (Time is in decaauts)
 A = Elapsed time spent in this place.
 B = Non-inter-level travel time spent in this place.
 C = Inter-level travel time spent in this place.
 D = Time resting spent in this place.
 E = Time spent auto-exploring this place.
 F = Levels seen in this place.
 G = Mean time per level.
                   A        B        C        D        E       F      G
               +--------+--------+--------+--------+--------+-----+--------+
         Total |   1977 |   1957 |     20 |    463 |   1119 |   2 |  988.5 |
       Dungeon |   1977 |   1957 |     20 |    463 |   1119 |   2 |  988.5 |
               +--------+--------+--------+--------+--------+-----+--------+

Top non-repeatable levels by time:
     D:1: 1069 daAuts
     D:2: 908 daAuts
